Map: Eflorescencia EE

Players

Keidrox - Winner!

  • Race: Protoss Protoss
  • League: Platinum
  • Spawn Location: 3:00

JOTASED - Winner!

  • Race: Protoss Protoss
  • Spawn Location: 12:00

Christiam

  • Race: Protoss Protoss
  • Spawn Location: 9:00

HHVV

  • Race: Terran Terran
  • Spawn Location: 6:00

VOD

Have the link to the VOD?

Description

Time

  • Played on: Dec. 19, 2023, 4:44 p.m.
  • Length: 14:40
Show
View Real Time Build Order
Export as new Build Order

Keidrox Protoss - Winner!

Build Orders:  

Get SALT Encoding   

  12  0:00  Probe  
  13  0:12  Probe  
  14  0:19  Pylon  
  14  0:24  Probe  
  15  0:37  Probe (Chrono Boost)  
  15  0:39  Gateway  
  16  0:49  Probe (Chrono Boost), Assimilator  
  17  0:55  Probe (Chrono Boost)  
  18  1:03  Probe  
  19  1:09  Assimilator  
  19  1:15  Probe  
  20  1:18  Gateway  
  20  1:28  Cybernetics Core  
  20  1:34  Pylon  
  20  1:40  Probe  
  21  1:52  Probe  
  22  2:02  Pylon  
  22  2:04  Probe, Stalker (Chrono Boost)  
  22  2:08  Stalker (Chrono Boost)  
  25  2:12  Warp Gate  
  26  2:19  Probe  
  27  2:32  Stalker  
  29  2:52  Nexus  
  29  3:01  Pylon, Probe  
  30  3:24  Stalker x2  
  32  3:54  Probe  
  31  3:58  Stargate  
  31  4:04  Probe (Chrono Boost)  
  31  4:05  Stalker  
  31  4:08  Probe (Chrono Boost), Stalker  
  37  4:16  Probe (Chrono Boost)  
  38  4:24  Probe x2 (Chrono Boost)  
  40  4:30  Probe x2  
  42  4:42  Probe  
  42  4:43  Probe  
  44  4:54  Probe  
  44  4:55  Probe  
  44  4:58  Pylon, Oracle (Chrono Boost)  
  44  4:59  Pylon  
  46  5:01  Twilight Council  
  46  5:06  Probe  
  50  5:07  Probe  
  49  5:25  Pylon  
  49  5:26  Stalker x2  
  49  5:27  Pylon  
  53  5:37  Blink (Chrono Boost)  
  53  5:38  Void Ray (Chrono Boost)  
  53  5:40  Probe x2  
  59  5:52  Probe  
  57  6:03  Probe, Robotics Facility  
  57  6:04  Probe  
  59  6:07  Assimilator  
  59  6:08  Assimilator  
  59  6:15  Probe  
  59  6:16  Probe  
  61  6:24  Nexus  
  61  6:25  Robotics Facility  
  61  6:27  Probe  
  61  6:28  Probe  
  61  6:30  Pylon, Stalker  
  65  6:39  Probe  
  66  6:40  Probe  
  67  6:50  Forge  
  67  6:51  Probe  
  67  6:52  Gateway  
  68  6:57  Robotics Bay  
  68  6:59  Immortal  
  72  7:06  Stalker x2  
  76  7:17  Pylon  
  76  7:21  Probe  
  77  7:30  Immortal  
  77  7:32  Protoss Ground Weapons Level 1 (Chrono Boost)  
  77  7:35  Probe x2  
  83  7:38  Observer  
  83  7:42  Photon Cannon  
  83  7:43  Stalker x2  
  88  7:48  Probe x3  
  91  7:51  Assimilator  
  91  7:52  Assimilator  
  85  8:07  Disruptor  
  85  8:09  Disruptor  
  88  8:40  Stalker x3  
  94  8:44  Probe x2  
  94  8:45  Probe  
  97  8:53  Photon Cannon  
  97  8:56  Probe  
  97  8:57  Probe x2  
  100  9:08  Probe  
  100  9:09  Probe x2  
  103  9:14  Photon Cannon  
  103  9:15  Photon Cannon, Shield Battery  
  103  9:16  Protoss Ground Armor Level 1 (Chrono Boost)  
  103  9:18  Immortal  
  103  9:19  Warp Prism  
  103  9:21  Probe x3  
  112  9:33  Probe x3  
  115  9:45  Probe  
  116  9:47  Pylon  
  113  10:01  Immortal x2  
  113  10:03  Nexus  
  121  10:07  Pylon  
  121  10:09  Pylon  
  121  10:10  Robotics Bay  
  121  10:12  Pylon  
  121  10:13  Pylon  
  121  10:15  Assimilator  
  121  10:19  Pylon  
  121  10:22  Assimilator  
  121  10:27  Pylon  
  121  10:29  Pylon  
  121  10:34  Gateway  
  121  10:35  Gateway  
  121  10:37  Gateway  
  121  10:38  Gateway  
  121  10:40  Immortal (Chrono Boost)  
  121  10:41  Observer  
  121  10:42  Robotics Facility  
  126  10:52  Stalker x3  
  132  11:03  Observer (Chrono Boost)  
  133  11:06  Nexus  
  133  11:08  Protoss Ground Weapons Level 2 (Chrono Boost)  
  133  11:11  Probe x3  
  133  11:16  Pylon, Disruptor (Chrono Boost)  
  136  11:20  Disruptor (Chrono Boost)  
  136  11:23  Probe x2  
  144  11:33  Gravitic Boosters  
  144  11:39  Observer  
  145  11:45  Disruptor, Stalker x4  
  157  11:48  Disruptor  
  161  11:58  Zealot x3  
  161  12:00  Charge, Disruptor  
  171  12:05  Forge  
  162  12:26  Stalker  
  164  12:30  Gravitic Drive  
  150  12:52  Stalker x3  
  156  13:00  Nexus  
  116  13:53  Stalker  
  116  13:54  Stalker x4  
  106  14:09  Stalker x2  
  84  14:13  Probe x4  
  82  14:22  Zealot x5  
  92  14:25  Probe x2  
  92  14:26  Probe x2  
Show
View Real Time Build Order
Export as new Build Order

JOTASED Protoss - Winner!

Build Orders: 1 Gate Expand, Carriers 

Get SALT Encoding   

  12  0:20  Pylon  
  12  0:23  Probe (Chrono Boost)  
  13  0:32  Probe (Chrono Boost)  
  14  0:37  Probe (Chrono Boost)  
  15  0:43  Gateway  
  15  0:49  Probe  
  16  0:50  Assimilator  
  16  1:01  Probe  
  17  1:23  Nexus  
  17  1:24  Probe  
  18  1:42  Cybernetics Core  
  18  1:47  Probe  
  18  1:49  Assimilator  
  19  1:57  Pylon  
  19  2:06  Pylon  
  19  2:27  Stargate  
  19  2:28  Probe (Chrono Boost)  
  21  2:40  Probe (Chrono Boost)  
  21  2:41  Probe (Chrono Boost)  
  22  2:44  Probe (Chrono Boost)  
  22  2:48  Probe  
  22  2:50  Assimilator  
  24  2:55  Probe  
  25  3:00  Stargate  
  25  3:01  Probe  
  26  3:08  Shield Battery  
  26  3:09  Probe  
  27  3:13  Probe  
  28  3:20  Pylon  
  28  3:24  Probe (Chrono Boost)  
  28  3:26  Probe (Chrono Boost)  
  30  3:36  Probe (Chrono Boost)  
  30  3:38  Probe (Chrono Boost)  
  32  3:43  Pylon  
  32  3:44  Probe x2 (Chrono Boost)  
  34  3:50  Probe  
  34  3:52  Probe  
  37  4:02  Probe  
  37  4:04  Probe  
  42  4:11  Assimilator  
  42  4:13  Void Ray (Chrono Boost)  
  42  4:15  Probe  
  42  4:16  Probe  
  44  4:23  Void Ray (Chrono Boost)  
  48  4:37  Probe x2  
  50  4:38  Shield Battery  
  50  4:40  Shield Battery  
  54  4:49  Void Ray, Probe  
  55  4:53  Cybernetics Core  
  55  4:57  Probe  
  56  5:01  Probe, Protoss Air Weapons Level 1 (Chrono Boost)  
  56  5:03  Pylon  
  56  5:04  Pylon  
  61  5:31  Void Ray x2 (Chrono Boost)  
  65  5:41  Probe  
  66  5:43  Fleet Beacon  
  66  5:48  Nexus  
  66  5:49  Probe  
  67  5:59  Protoss Air Armor Level 1 (Chrono Boost)  
  67  6:04  Stargate  
  67  6:13  Probe  
  68  6:22  Pylon  
  68  6:24  Pylon  
  68  6:26  Pylon  
  76  6:34  Flux Vanes  
  76  6:37  Probe x2  
  76  6:38  Void Ray x2  
  78  6:49  Probe x2  
  80  6:56  Shield Battery  
  80  6:59  Shield Battery  
  80  7:01  Probe x2  
  82  7:03  Assimilator  
  82  7:05  Probe  
  82  7:07  Assimilator  
  83  7:09  Shield Battery  
  83  7:11  Shield Battery  
  83  7:13  Probe x2  
  83  7:14  Shield Battery  
  85  7:16  Stargate  
  85  7:17  Probe  
  85  7:18  Shield Battery  
  90  7:39  Protoss Air Weapons Level 2  
  90  7:42  Shield Battery  
  90  7:43  Probe x3  
  93  7:44  Shield Battery  
  93  7:49  Pylon  
  93  8:00  Carrier x3 (Chrono Boost)  
  107  8:56  Nexus  
  107  8:59  Pylon  
  107  9:01  Pylon  
  107  9:03  Pylon  
  107  9:10  Pylon  
  107  9:19  Shield Battery  
  113  9:25  Pylon  
  113  9:27  Probe x2  
  113  9:29  Carrier (Chrono Boost)  
  113  9:30  Pylon  
  115  9:32  Carrier (Chrono Boost)  
  127  9:47  Carrier (Chrono Boost)  
  127  9:52  Protoss Air Armor Level 2 (Chrono Boost)  
  127  10:24  Carrier, Shield Battery  
  127  10:25  Shield Battery  
  127  10:26  Carrier  
  127  10:27  Shield Battery  
  139  10:32  Unknown  
  139  10:37  Nexus  
  139  10:47  Protoss Air Weapons Level 3 (Chrono Boost)  
  138  11:03  Carrier x2  
  150  11:26  Nexus  
  150  11:52  Carrier  
  156  12:00  Pylon  
  156  12:02  Pylon  
  156  12:03  Pylon  
  156  12:06  Pylon  
  156  12:08  Pylon  
  156  12:09  Assimilator  
  156  12:14  Assimilator  
  156  12:18  Carrier  
  156  12:20  Carrier  
  167  13:05  Nexus  
  167  13:10  Carrier x2  
  179  13:23  Carrier  
  179  13:25  Carrier  
Show
View Real Time Build Order
Export as new Build Order

Christiam Protoss 

Build Orders:  

Get SALT Encoding   

  12  0:02  Probe  
  13  0:14  Assimilator  
  13  0:15  Probe  
  14  0:27  Probe  
  15  0:46  Pylon  
  15  1:04  Probe (Chrono Boost)  
  15  1:08  Gateway  
  16  1:17  Probe (Chrono Boost)  
  18  1:25  Probe (Chrono Boost), Assimilator  
  18  1:31  Probe (Chrono Boost)  
  18  1:33  Pylon  
  19  1:43  Probe (Chrono Boost)  
  20  1:49  Probe (Chrono Boost)  
  21  1:57  Probe, Cybernetics Core  
  22  2:20  Nexus  
  22  2:33  Pylon  
  22  2:36  Warp Gate  
  22  2:48  Pylon, Robotics Facility  
  22  2:51  Stalker  
  24  3:01  Probe  
  25  3:13  Probe  
  25  3:16  Gateway  
  25  3:18  Shield Battery  
  26  3:24  Stalker (Chrono Boost)  
  26  3:25  Probe  
  29  3:54  Immortal (Chrono Boost)  
  33  4:03  Gateway  
  33  4:06  Gateway  
  33  4:23  Immortal (Chrono Boost)  
  37  4:47  Stalker  
  37  4:48  Stalker  
  39  5:03  Stalker x2  
  43  5:14  Probe x2  
  45  5:26  Probe x2  
  47  5:37  Stalker x2  
  47  5:39  Probe (Chrono Boost)  
  47  5:41  Probe (Chrono Boost)  
  54  5:51  Probe (Chrono Boost)  
  54  5:55  Probe (Chrono Boost)  
  54  5:56  Probe (Chrono Boost)  
  55  5:58  Observer  
  55  6:03  Probe  
  58  6:05  Probe  
  59  6:15  Probe  
  59  6:16  Stalker  
  62  6:22  Nexus  
  62  6:24  Pylon  
  62  6:30  Gateway  
  62  6:34  Pylon  
  62  6:35  Pylon  
  62  6:39  Pylon  
  62  6:42  Pylon, Probe x2  
  64  6:48  Observer  
  65  6:55  Gateway  
  65  7:02  Gateway  
  65  7:05  Gateway  
  65  7:07  Forge  
  65  7:09  Assimilator  
  65  7:13  Assimilator  
  65  7:36  Stalker x3  
  71  7:37  Stalker x2  
  75  7:50  Probe  
  75  7:51  Probe x2  
  78  8:03  Probe x2  
  58  8:28  Stalker  
  58  8:29  Stalker x5  
  58  8:30  Stalker x2  
  68  8:39  Shield Battery  
  68  8:40  Shield Battery  
  64  8:42  Shield Battery  
  64  8:44  Pylon  
  62  8:52  Twilight Council  
  62  8:54  Protoss Ground Weapons Level 1 (Chrono Boost)  
  62  8:58  Stargate  
  62  9:00  Stalker x2  
  62  9:01  Stalker  
  68  9:04  Pylon  
  68  9:07  Probe (Chrono Boost)  
  69  9:14  Stalker  
  72  9:17  Stalker  
  72  9:18  Probe (Chrono Boost)  
  72  9:22  Stalker  
  72  9:23  Probe (Chrono Boost)  
  77  9:33  Probe  
  77  9:37  Charge (Chrono Boost)  
  78  9:46  Probe, Stalker  
  78  9:47  Stalker x3  
  78  9:52  Stalker  
  89  9:58  Probe  
  90  10:10  Probe, Stalker, Nexus  
  90  10:12  Stalker  
  95  10:16  Stalker  
  95  10:20  Stalker  
  99  10:24  Probe x3  
  102  10:36  Probe x3  
  105  10:48  Probe x2, Stalker x3  
  105  10:49  Stalker  
  115  10:50  Blink (Chrono Boost)  
  115  10:56  Zealot x2  
  119  10:57  Zealot  
  119  11:01  Assimilator  
  121  11:04  Zealot  
  121  11:06  Protoss Ground Weapons Level 2 (Chrono Boost)  
  123  11:23  Zealot  
  123  11:24  Zealot x5  
  135  11:27  Zealot  
  137  11:46  Stalker  
  137  11:47  Stalker x4  
  147  12:17  Nexus  
  147  12:18  Pylon  
  147  12:20  Pylon x3  
  147  12:21  Pylon  
  147  12:22  Pylon  
  147  12:36  Phoenix  
  63  12:58  Stalker  
  63  12:59  Stalker x6  
  63  13:00  Stalker  
  63  13:01  Phoenix  
  79  13:15  Assimilator  
  79  13:19  Assimilator  
  75  13:23  Gateway  
  71  13:27  Gateway  
  71  13:29  Gateway  
  71  13:31  Zealot x3  
  71  13:32  Zealot x4  
  68  13:44  Nexus  
  68  13:52  Zealot  
  68  13:53  Zealot x4, Nexus  
  68  13:54  Zealot  
  46  14:20  Stalker  
  46  14:21  Stalker x3  
Show
View Real Time Build Order
Export as new Build Order

HHVV Terran 

Build Orders: Reaper Expand 

Get SALT Encoding   

  12  0:00  SCV  
  13  0:12  SCV  
  14  0:21  Supply Depot  
  14  0:24  SCV  
  15  0:38  Refinery  
  15  0:43  SCV  
  15  0:46  Barracks  
  16  0:55  SCV  
  17  1:07  SCV  
  18  1:19  SCV  
  19  1:33  Reaper  
  19  1:34  Orbital Command  
  20  1:48  Command Center  
  20  1:56  Refinery  
  20  2:03  Supply Depot  
  20  2:05  Marine  
  21  2:15  SCV  
  22  2:23  Marine  
  22  2:27  SCV, Factory  
  23  2:39  SCV  
  23  2:41  Barracks Tech Lab  
  24  2:51  SCV  
  25  2:59  Orbital Command  
  25  3:03  SCV  
  26  3:06  Marauder  
  26  3:11  Cyclone  
  30  3:16  SCV, Starport  
  29  3:27  Marauder  
  29  3:28  SCV  
  32  3:40  SCV x2  
  32  3:51  Cyclone  
  32  3:52  SCV x2, Barracks Tech Lab  
  36  3:56  Viking  
  36  3:58  Fusion Core  
  38  4:04  SCV x2  
  38  4:09  Supply Depot  
  40  4:11  Marine  
  40  4:16  SCV  
  42  4:19  Refinery x2  
  42  4:21  SCV  
  43  4:24  Engineering Bay  
  43  4:38  Starport Tech Lab  
  43  4:44  Siege Tank  
  46  4:49  SCV x2  
  47  5:01  SCV  
  47  5:02  SCV  
  49  5:08  Command Center  
  49  5:10  Supply Depot  
  49  5:13  SCV  
  48  5:16  Siege Tank  
  51  5:28  SCV x2, Missile Turret  
  53  5:31  Battlecruiser  
  53  5:32  Missile Turret  
  59  5:37  Weapon Refit  
  59  5:54  SCV x2  
  59  5:56  Refinery  
  61  6:06  SCV  
  62  6:13  Supply Depot  
  62  6:14  Armory  
  62  6:16  Armory  
  62  6:19  SCV x2  
  62  6:20  Widow Mine  
  62  6:25  Missile Turret  
  66  6:31  SCV x2  
  66  6:32  Missile Turret  
  68  6:40  Battlecruiser  
  68  6:43  SCV x2  
  76  6:48  Starport  
  76  6:49  Starport  
  76  6:50  Starport  
  76  6:53  Orbital Command  
  76  6:56  SCV, Refinery  
  76  6:59  Widow Mine  
  77  7:09  SCV x2  
  79  7:21  SCV x2  
  81  7:24  Terran Ship Weapons Level 1  
  81  7:26  Starport Tech Lab  
  81  7:28  Missile Turret  
  81  7:30  Missile Turret  
  81  7:38  SCV x3  
  81  7:40  Starport Tech Lab x2  
  84  7:48  Terran Vehicle And Ship Armor Level 1  
  84  7:50  SCV  
  85  7:59  Command Center  
  85  8:20  Supply Depot  
  85  8:25  Supply Depot  
  85  8:37  Battlecruiser  
  85  8:38  Widow Mine  
  85  8:40  Command Center x2  
  93  8:41  Supply Depot  
  93  8:42  Battlecruiser  
  93  8:47  Battlecruiser  
  105  8:58  Missile Turret  
  105  8:59  Missile Turret  
  105  9:00  Siege Tank  
  108  9:07  Hi-Sec Auto Tracking  
  108  9:10  Battlecruiser  
  114  9:18  Factory  
  114  9:20  Factory  
  114  9:37  Refinery  
  114  9:40  Missile Turret x2, Refinery  
  114  9:41  Missile Turret  
  114  9:42  Missile Turret, Battlecruiser  
  120  9:47  Battlecruiser  
  124  9:53  Orbital Command  
  124  9:54  Orbital Command  
  124  9:58  Planetary Fortress  
  124  10:04  Factory Reactor x2  
  124  10:05  Cyclone  
  126  10:12  Missile Turret  
  126  10:21  Missile Turret  
  126  10:25  Missile Turret  
  126  10:26  Unknown  
  126  10:31  Terran Ship Weapons Level 2, Terran Vehicle And Ship Armor Level 2  
  126  10:53  Battlecruiser x2  
  126  10:54  Cyclone  
  126  10:55  Cyclone x2  
  138  11:02  Missile Turret, Siege Tank  
  143  11:04  Cyclone  
  143  11:15  Command Center  
  143  11:16  Supply Depot  
  143  11:17  Neosteel Armor  
  143  11:28  Command Center  
  143  11:29  Cyclone x2  
  143  11:31  Cyclone  
  147  11:56  Cyclone  
  147  11:57  Siege Tank  
  147  11:58  Battlecruiser  
  158  12:29  Siege Tank  
  161  12:32  Battlecruiser x3  
  161  12:33  Cyclone x2  
  181  12:47  Command Center, Supply Depot  
  181  12:58  Cyclone x2  
  178  13:49  Cyclone x3  
  178  13:50  Cyclone  
  186  13:57  Refinery  
  186  13:59  Missile Turret, Refinery  
  186  14:00  Missile Turret  
Tags
 
Add a new tag
Caveats
  • Supply blocks, unpowered buildings, or Contaminate may cause inaccurate times.
  • Supply counts are checked every 10 seconds.